Map: Inside and Out

Players

Blake

  • Race: Protoss Protoss
  • League: Platinum
  • Spawn Location: 1:00

DankCraft - Winner!

  • Race: Terran Terran
  • League: Diamond
  • Spawn Location: 7:00

VOD

Have the link to the VOD?

Description

Time

  • Played on: Dec. 15, 2022, 2:05 p.m.
  • Length: 22:30
Show
View Real Time Build Order
Export as new Build Order

Blake Protoss 

Build Orders:  

Get SALT Encoding   

  12  0:00  Probe  
  13  0:12  Probe  
  14  0:19  Pylon  
  14  0:24  Probe  
  15  0:37  Probe (Chrono Boost)  
  15  0:42  Gateway  
  16  0:49  Probe (Chrono Boost)  
  17  0:52  Assimilator  
  17  0:54  Probe (Chrono Boost)  
  18  1:03  Probe  
  18  1:04  Assimilator  
  19  1:15  Probe  
  19  1:16  Pylon  
  16  1:27  Probe  
  17  1:35  Zealot (Chrono Boost)  
  18  2:50  Zealot (Chrono Boost)  
  18  3:03  Probe  
  19  3:15  Zealot (Chrono Boost)  
  21  3:20  Cybernetics Core  
  21  3:23  Probe  
  20  3:44  Zealot  
  22  3:54  Gateway  
  22  3:56  Pylon  
  22  4:04  Probe  
  23  4:29  Probe  
  24  4:39  Nexus  
  24  4:45  Stalker  
  26  4:48  Warp Gate  
  26  4:54  Probe (Chrono Boost)  
  27  5:04  Probe (Chrono Boost)  
  27  5:06  Pylon  
  28  5:09  Probe (Chrono Boost)  
  29  5:21  Probe  
  30  5:33  Probe (Chrono Boost)  
  30  5:35  Stargate  
  31  5:45  Probe (Chrono Boost), Pylon  
  32  5:51  Probe (Chrono Boost)  
  32  5:53  Probe (Chrono Boost)  
  34  5:59  Probe  
  34  6:02  Stalker  
  35  6:08  Stalker  
  37  6:17  Shield Battery  
  37  6:23  Oracle  
  30  7:17  Oracle  
  33  7:23  Probe (Chrono Boost)  
  34  7:33  Probe (Chrono Boost)  
  35  7:38  Probe (Chrono Boost)  
  36  7:49  Probe  
  37  7:52  Gateway  
  37  7:53  Gateway x2  
  37  8:05  Gateway  
  35  8:35  Gateway  
  35  8:36  Probe x2  
  35  8:39  Pylon  
  37  8:41  Assimilator  
  37  8:44  Assimilator  
  37  8:48  Probe x2  
  39  8:57  Shield Battery  
  39  9:00  Probe (Chrono Boost)  
  40  9:12  Probe (Chrono Boost)  
  41  9:20  Probe (Chrono Boost)  
  41  9:21  Probe (Chrono Boost)  
  43  9:27  Zealot  
  43  9:29  Probe (Chrono Boost)  
  43  9:30  Zealot x3, Probe (Chrono Boost)  
  53  9:36  Gateway  
  53  9:38  Probe  
  53  9:40  Oracle, Pylon  
  53  9:43  Forge  
  57  9:50  Robotics Facility  
  57  9:53  Pylon  
  57  9:57  Pylon  
  51  10:01  Pylon  
  51  10:10  Stalker x2  
  53  10:25  Gateway  
  53  10:31  Cybernetics Core  
  57  10:39  Void Ray (Chrono Boost)  
  57  10:47  Forge  
  57  10:54  Photon Cannon  
  57  10:57  Immortal, Photon Cannon  
  57  11:00  Protoss Ground Weapons Level 1 (Chrono Boost)  
  61  11:14  Gateway, Probe (Chrono Boost)  
  61  11:16  Probe (Chrono Boost)  
  67  11:20  Void Ray (Chrono Boost)  
  68  11:26  Probe (Chrono Boost)  
  68  11:27  Pylon  
  68  11:31  Probe (Chrono Boost)  
  68  11:32  Probe (Chrono Boost)  
  69  11:33  Protoss Ground Armor Level 1 (Chrono Boost)  
  69  11:34  Twilight Council  
  69  11:38  Probe  
  71  11:40  Probe  
  71  11:42  Pylon  
  72  11:49  Nexus  
  72  11:52  Probe  
  73  11:56  Immortal  
  77  12:06  Pylon  
  77  12:09  Shield Battery  
  77  12:24  Probe x2  
  77  12:27  Zealot x4  
  87  12:36  Probe x2  
  86  12:48  Probe x2  
  82  12:52  Zealot x4  
  90  13:00  Probe  
  90  13:02  Charge (Chrono Boost)  
  91  13:05  Photon Cannon  
  91  13:07  Photon Cannon  
  91  13:19  Protoss Ground Weapons Level 2  
  91  13:26  Templar Archives  
  91  13:27  Protoss Ground Armor Level 2  
  89  13:38  Stalker x2  
  89  13:39  Stalker x3  
  89  13:40  Stalker  
  97  13:47  Stalker x3  
  103  14:09  Nexus  
  97  14:35  Pylon  
  97  14:36  Zealot x6  
  97  14:37  Zealot x3  
  115  14:51  Observer (Chrono Boost)  
  115  15:04  Dark Shrine  
  79  15:29  Observer  
  79  16:22  Dark Templar x2  
  79  16:23  Dark Templar x6  
  95  16:28  Dark Templar  
  97  17:06  Nexus  
  97  17:09  Pylon  
Show
View Real Time Build Order
Export as new Build Order

DankCraft Terran - Winner!

Build Orders:  

Get SALT Encoding   

  12  0:02  SCV  
  13  0:14  SCV  
  14  0:18  Supply Depot  
  14  0:25  Refinery  
  14  0:43  SCV  
  15  0:55  SCV  
  16  1:07  SCV  
  17  1:19  SCV  
  18  1:31  SCV  
  19  1:43  SCV  
  20  1:52  Supply Depot  
  20  1:55  SCV  
  21  2:08  SCV  
  22  2:20  SCV  
  22  2:33  SCV  
  21  2:45  SCV  
  21  2:51  Barracks  
  21  2:57  SCV  
  22  3:09  SCV  
  23  3:21  SCV  
  23  3:22  Refinery  
  24  3:33  SCV  
  24  3:51  Barracks  
  24  3:56  Refinery  
  24  3:57  Orbital Command  
  22  4:29  Barracks Reactor  
  22  4:36  Supply Depot  
  22  4:43  Reaper  
  22  4:44  Command Center  
  23  4:53  SCV  
  24  5:05  SCV, Reaper  
  24  5:06  Reaper  
  27  5:13  Supply Depot  
  27  5:15  Reaper  
  27  5:20  Engineering Bay  
  28  5:24  SCV  
  29  5:38  Factory  
  31  5:49  Missile Turret  
  32  6:04  Planetary Fortress  
  29  6:07  Missile Turret  
  29  6:08  SCV  
  30  6:14  Factory  
  30  7:04  SCV x2  
  30  7:07  Factory Tech Lab x2  
  32  7:10  Factory  
  32  7:11  Factory  
  32  7:16  SCV  
  32  7:17  SCV, Missile Turret  
  34  7:28  Cyclone x2, SCV  
  34  7:29  SCV  
  42  7:37  Refinery  
  42  7:41  SCV x2  
  44  7:53  SCV x2  
  46  8:04  Factory Tech Lab x2  
  46  8:05  Cyclone, SCV  
  47  8:25  SCV x2  
  48  8:30  Cyclone x2, Refinery  
  54  8:37  SCV, Supply Depot  
  54  8:38  Supply Depot  
  54  8:39  Supply Depot  
  55  8:41  Cyclone  
  58  8:51  SCV x2  
  60  9:00  Cyclone  
  63  9:03  SCV  
  63  9:08  Command Center  
  64  9:21  Cyclone x2  
  70  9:31  Cyclone  
  73  9:44  Command Center  
  70  10:18  Cyclone x2  
  70  10:19  Cyclone x2  
  79  10:32  Supply Depot  
  79  10:33  SCV x2, Supply Depot  
  81  10:35  Supply Depot  
  81  10:36  Missile Turret  
  81  10:45  SCV, Planetary Fortress  
  82  10:50  Siege Tank  
  82  10:55  Planetary Fortress  
  85  10:59  Missile Turret  
  85  11:01  Starport  
  85  11:02  Starport  
  85  11:08  SCV  
  85  11:09  Refinery  
  85  11:11  SCV  
  87  11:15  Mag-Field Accelerator  
  87  11:18  Refinery  
  87  11:24  Missile Turret  
  87  11:31  Widow Mine x2  
  87  11:32  Widow Mine x2  
  95  11:51  SCV, Armory  
  95  11:53  Widow Mine  
  98  11:57  SCV  
  98  11:58  SCV x2  
  101  12:03  SCV  
  102  12:10  Widow Mine x2  
  102  12:11  Widow Mine  
  102  12:15  SCV  
  109  12:27  SCV  
  110  12:33  SCV  
  110  12:34  SCV x2  
  117  12:37  Widow Mine x2  
  117  12:39  SCV  
  118  12:51  SCV  
  119  13:00  Refinery  
  119  13:01  Refinery  
  119  13:03  SCV  
  120  13:16  SCV  
  121  13:48  Thor  
  121  13:49  Thor x2  
  121  13:51  Terran Vehicle Weapons Level 1  
  139  13:57  Supply Depot  
  139  14:18  Liberator x2  
  145  14:31  SCV  
  146  14:43  SCV  
  147  14:55  SCV  
  148  15:07  Liberator  
  148  15:51  Supply Depot  
  148  15:53  Supply Depot  
  148  15:55  Supply Depot x2  
  148  15:59  Supply Depot  
  148  16:04  Liberator x2, Supply Depot  
  148  16:05  SCV x2  
  156  16:12  Thor  
  156  16:15  Thor  
  156  16:16  Thor x2  
  156  16:17  SCV  
  179  16:26  Command Center  
  179  16:27  Command Center  
  179  16:29  SCV  
  179  16:32  Missile Turret  
  180  16:39  Factory  
  180  16:40  Factory  
  180  16:42  SCV  
  181  16:47  Liberator  
  181  16:54  SCV  
  185  16:55  Siege Tank  
  185  16:57  Thor  
  185  16:59  Siege Tank x2  
  200  17:27  Siege Tank  
  197  17:31  Siege Tank  
  191  17:55  Thor x2  
Tags
 
Add a new tag
Caveats
  • Supply blocks, unpowered buildings, or Contaminate may cause inaccurate times.
  • Supply counts are checked every 10 seconds.